 BcadrenCrawl: Boulder Brew version 0.06-744-gf22570f5e0 (webtiles) character file.

Game seed: 8538497405170775669

1921 LabCoat the Chopper (level 9, -9/162 HPs) Hill Orc Fighter. Began on Mar 8, 2023. Was a Believer of Okawaru. Mangled by an orc warrior ... wielding a +0 glaive (14 damage) ... on level 3 of the Dungeon. The game lasted 00:22:30 (3730 turns).

LabCoat the Chopper (Hill Orc Fighter)              Turns: 3730, Time: 00:22:30

Health: -9/162     AC: 24    Str: 22    XL:     9 ^: 1903
Magic:  11/11      EV:  2    Int:  8    God:    Okawaru [2* [53]]
Gold:   128        SH:  7    Dex: 10    Spells: 8/8 levels left

rFire    . . .     Slash    .   a - +0 war axe
rCold    . . .     Pierce   +   n - +0 targe
rNeg     + + +     Bludgeon .   (armour currently unavailable)
rCorr    . . .     Vision   .   (helmet currently unavailable)
rPois    +         Gourm    +   (cloak currently unavailable)
rElec    .         Faith    .   (gloves currently unavailable)
MR       .....     Spirit   .   (boots currently unavailable)
HPRegen  0.64/turn Reflect  .   m - amulet of the gourmand
MPRegen  0.21/turn Harm     .   p - ring of positive energy Stlth +.........NoTele +
                                w - ring of slaying

@: tree-form
A: no striking features
a: Heroism, Renounce Religion


You were on level 3 of the Dungeon.
You worshipped Okawaru.
Okawaru was pleased with you.
You were completely stuffed.
You were a tree.
You visited 1 branch of the dungeon, and saw 3 of its levels.

You collected 128 gold pieces.

Inventory:

Weapons
 a - a +0 war axe (weapon)
 b - a +2 hand crossbow of freezing
 d - a +1 hunting sling of molten steel
 x - a +0 trident Shields
 c - a +0 heater shield
 n - a +0 targe (weapon)
Armour
 o - a +0 scale mail
 q - a +0 plate armour (melded)
Jewellery
 m - an amulet of the gourmand (around neck)
 p - a ring of positive energy (left branch)
 r - a cursed ring of evasion {(Curse: *Slow)}
 t - an uncursed ring of intelligence
 w - a ring of slaying (right branch)
Scrolls
 g - a scroll of attention
 i - a scroll of enchantment
 j - 2 scrolls of magic mapping
 l - a scroll of teleportation
 s - a scroll of holy word
 u - a scroll of immolation
Potions
 e - a potion of haste
 k - a potion of lignification
Comestibles
 f - 4 rations
 h - 3 chunks of flesh


   Skills:
 * Level 7.2 Fighting
 * Level 7.2 Axes & Hammers
 * Level 3.4 Crossbows
 * Level 5.6 Armour
 + Level 3.0 Dodging
 + Level 6.2 Shields
 * Level 3.5 Invocations


You had 8 spell levels left.
You didn't know any spells.
Your spell library was empty.

Dungeon Overview and Level Annotations

Branches:
Dungeon (3/8)

Altars:
Okawaru

Shops:
D:2 **:(!!


Innate Abilities, Weirdness & Mutations

((Your soft flesh is weak to deep cuts.
Heavy manmade armour will nullify this weakness. (rSlashing-)))


Message History

You hit the orc warrior but do no damage.
The orc warrior is almost dead. (5/28) HP The orc warrior hits you with a +0 glaive (17)!
* * * LOW HITPOINT WARNING * * *
You block the orc warrior's attack.
The orc warrior hits you with a +0 glaive (20)!!
* * * LOW HITPOINT WARNING * * *
Really quaff the potion of lignification?
You turn into a tree.
Your +0 plate armour melds into your body.
Your roots penetrate the ground.
You drop the empty bottle.
You hit the orc warrior but do no damage. x2
The orc warrior is almost dead. (5/28) HP The orc warrior hits you but does no damage.
The orc warrior hits you with a +0 glaive (5).
* * * LOW HITPOINT WARNING * * *
You hit the orc warrior but do no damage. x2
The orc warrior is almost dead. (5/28) HP The orc warrior hits you with a +0 glaive (14)!
You die...

.##............##.##.............
#)...).....[.....................
..#..........)....#............).
###...............#..........###.
#...##.......#............<..###
#..###.......#..<.........#...#
....# #..###..[...........##..##
....# ##.# #....o.............#
.##.. ...##....♣...............#
# .................b....###..
>.#.................. .# ..
###...}.###.#...b... # . #..}..#
###........ #..[[## ......#...
.......... ........÷...#
..........###


You could see an orc warrior.

Vanquished Creatures
  Purgy (D:2)
  A water moccasin (D:2)
  An ogre (D:3)
  A crocodile (D:2)
  6 big kobolds (D:2)
  2 orc priests (D:3)
  2 jellies (D:2)
  An iguana (D:3)
  A worker ant (D:3)
  7 giant cockroaches
  A cysgobwca (D:3)
  8 adders
  2 gnolls (D:1)
  67 sewer rats (D:2)
  2 worms
  12 cinder newts
  A bullfrog (D:2)
  An ooze (D:1)
  3 dart slugs (D:1)
  5 leopard geckos
  5 orcs (D:3)
  2 adder skeletons
  4 ball pythons
  6 goblins (D:1)
  6 hobgoblins (D:1)
  6 bats
  A bat skeleton (D:2)
  A goblin skeleton (D:2)
  14 kobolds
  2 rats (D:1)
  2 rat skeletons (D:2)
  2 slimeheads (D:2)
  2 withered plants (D:2)
178 creatures vanquished.

Vanquished Creatures (others)
  A jelly (D:2)
  4 sewer rats (D:2)
  5 kobolds (D:2)
  2 bat skeletons (D:2)
  7 slimeheads (D:2)
  159 withered plants (D:2)
178 creatures vanquished.

Grand Total: 356 creatures vanquished

Notes
Turn   | Place    | Note
-------+----------+-------------------------------------------
     0 | D:1      | LabCoat the Hill Orc Fighter began the quest for the Orb.
     0 | D:1      | Reached XP level 1. HP: 29/29 MP: 1/1
    20 | D:1      | Reached XP level 2. HP: 27/39 MP: 2/2
    97 | D:1      | Reached XP level 3. HP: 49/49 MP: 3/3
   253 | D:1      | Reached XP level 4. HP: 52/59 MP: 4/4
   664 | D:1      | Reached skill level 1 in Dodging
   664 | D:1      | Reached XP level 5. HP: 58/69 MP: 5/5
   842 | D:2      | Found a faded altar of an unknown god.
   875 | D:2      | Found Qieckax's Distillery.
  1047 | D:2      | Reached XP level 6. HP: 72/79 MP: 6/6
  1055 | D:2      | Reached skill level 5 in Fighting
  1139 | D:2      | Identified a scroll of acquirement
  1148 | D:2      | Acquired a +2 hand crossbow of freezing
  1173 | D:2      | Reached skill level 5 in Axes & Hammers
  1173 | D:2      | Reached skill level 5 in Shields
  1210 | D:2      | Reached skill level 1 in Crossbows
  1295 | D:2      | Reached XP level 7. HP: 89/89 MP: 7/7
  1466 | D:2      | Noticed Purgy
  1485 | D:2      | Killed Purgy
  1509 | D:2      | Found an iron altar of Okawaru.
  1531 | D:2      | Became a worshipper of Warmaster Okawaru
  1560 | D:2      | Reached XP level 8. HP: 76/99 MP: 8/8
  1739 | D:2      | Reached skill level 1 in Invocations
  1809 | D:2      | Found Efy Ump's Antique Weapon Shop.
  1813 | D:2      | Found Sagrayzo's Assorted Antiques.
  1870 | D:2      | Found Wehop's Book Shoppe.
  1949 | D:2      | Reached * piety under Okawaru
  2123 | D:2      | Reached skill level 5 in Armour
  2173 | D:2      | Found Rceuclu's Retail Resort.
  2392 | D:2      | Found Taulua's Distillery.
  2895 | D:2      | Reached ** piety under Okawaru
  2895 | D:2      | Reached XP level 9. HP: 101/108 MP: 11/11
  3727 | D:3      | HP: 4/108 [orc warrior/+0 glaive (20)]
  3730 | D:3      | Mangled by an orc warrior

Illustrated notes

Levels and vault maps discovered:
D:1:      shiori_arrival_maze, layout_cave_pools, first_ration
D:2:      layout_sewer, okawaru_gym_becter, serial_shops, shop,
          nicolae_shop_trees, shop, shop, shop,
          chequers_ecumenical_altar_island, nicolae_alphabet_shops, uniq_purgy
D:3:      layout_cave_pools, zin_treasury, gammafunk_temple_overflow_elements

Skill      XL: |  1  2  3  4  5  6  7  8  9 |
---------------+----------------------------+-----
Axes & Hammers | 3 4 5 6 7 |  7.2
Fighting       | 4 5 6 7 |  7.2
Shields        | 4 5 6 |  6.2
Dodging        | 1 2 3 |  3.0
Armour         | 4 5 |  5.6
Crossbows      | 1 2 3 |  3.4
Invocations    | 3 |  3.5

Action                   |  1- 3 |  4- 6 |  7- 9 || total
-------------------------+-------+-------+-------++-------
Melee: War axe           |    34 |   100 |   150 ||   284
       Targe             |       |       |     6 ||     6
 Fire: Hand crossbow     |       |    11 |   203 ||   214
Throw: Stone             |     6 |    29 |     1 ||    36
       Bone              |     2 |    15 |     1 ||    18
       Rusty metal       |     1 |    10 |       ||    11
       Skull             |       |    20 |       ||    20
  Use: Potion            |       |     2 |     4 ||     6
       Scroll            |       |     1 |     1 ||     2
  Eat: Chunk             |       |    19 |     9 ||    28
Armor: Scale mail        |    31 |    53 |    22 ||   106
       Plate armour      |       |       |    94 ||    94
       Skin              |       |       |     1 ||     1
Dodge: Dodged            |    10 |    18 |    39 ||    67
Block: Heater shield     |    15 |    35 |    73 ||   123
       Targe             |       |       |     2 ||     2
